 Dungeon Crawl Stone Soup version 0.31-a0-557-g6e16503903 (webtiles) character file.

Game seed: 12085971064328092221

111630 zazu2006 the Warlock (level 16, -3/127 HPs)
             Began as a Gnoll Wanderer on Aug 16, 2023.
             Was a High Priest of Vehumet.
             Slain by a naga
             ... wielding a +0 battleaxe
              (26 damage)
             ... on level 1 of the Snake Pit.
             The game lasted 01:20:36 (24903 turns).

zazu2006 the Warlock (Gnoll Wanderer)              Turns: 24903, Time: 01:20:39

Health: -3/127     AC: 16    Str: 19    XL:     16   Next: 58%
Magic:  28/31      EV: 21    Int: 13    God:    Vehumet [*****.]
Gold:   1343       SH:  7    Dex: 17    Spells: 13/37 levels left

rFire   . . .        T - +3 scimitar (flame)
rCold   . . .        b - +0 buckler {AC+3}
rNeg    . . .        P - +0 toga "Victory" {*Victory Clar}
rPois   .            g - +2 helmet
rElec   .            a - scarf {repulsion}
rCorr   .            Y - +2 pair of gloves
SInv    .            N - +2 pair of boots
Will    +....        f - amulet of regeneration
Stlth   +++++        i - ring "Butrudic" {Fly Str+6 Slay+3}
HPRegen 1.21/turn    m - +5 ring of evasion
MPRegen 0.22/turn

%: repel missiles, clarity
@: lethally poisoned (-3 -> -16), flying, constricted
A: fangs 1, strong nose, distributed training
a: Renounce Religion


You were on level 1 of the Snake Pit.
You worshipped Vehumet.
Vehumet was extremely pleased with you.
You visited 5 branches of the dungeon, and saw 24 of its levels.
You also visited: Ossuary and Volcano.

You collected 2526 gold pieces.
You spent 1183 gold pieces at shops.

Inventory:

Hand Weapons
 I - a +4 dagger of holy wrath
 T - a +3 scimitar of flaming (weapon)
Missiles
 t - 4 throwing nets
Armour
 a - a scarf of repulsion (worn)
 b - a +0 buckler of protection (worn)
 g - a +2 helmet (worn)
 N - a +2 pair of boots (worn)
 P - the +0 toga "Victory" (worn) {*Victory Clar}
   (You found it on level 9 of the Dungeon)

   *Victory:  When the wearer kills a threatening monster, it has a chance to
   gain +1 AC, +1 Slay, and +1 Int, capping at +7.
   When the wearer uses a scroll or a potion with a hostile monster in sight,
   its bonuses reset to +0.
   Unequipping it also resets its bonuses to +0.
   Clar:      It protects you from confusion, rage, mesmerisation and fear.
 S - +1 acid dragon scales
 Y - a +2 pair of gloves (worn)
Jewellery
 c - a ring of poison resistance
 f - an amulet of regeneration (around neck)
 i - the ring "Butrudic" (left hand) {Fly Str+6 Slay+3}
   (You bought it in a shop on level 2 of the Orcish Mines)

   [ring of strength]

   Str+6:     It affects your strength (+6).
   Slay+3:    It affects your accuracy & damage with ranged weapons and melee
   (+3).
   Fly:       It grants you flight.
 m - a +5 ring of evasion (right hand)
 v - the dreamdust necklace {Acrobat}
   (You acquired it on level 3 of the Lair of Beasts)

   [amulet of the acrobat]

   Acrobat:   It increases your evasion while moving and waiting.
 z - a ring of wizardry
 U - a ring of ice
 V - a ring of see invisible
Wands
 h - a wand of roots (3)
 u - a wand of quicksilver (9)
 E - a wand of charming (13)
 K - a wand of polymorph (11)
 Q - a wand of flame (39)
 X - a wand of mindburst (1)
Scrolls
 d - 4 scrolls of blinking
 e - 2 scrolls of poison
 j - 2 scrolls of enchant armour
 k - 9 scrolls of teleportation
 q - 2 scrolls of noise {unknown}
 x - 4 scrolls of enchant weapon
 y - a scroll of torment {unknown}
 C - 6 scrolls of revelation
 L - 4 scrolls of fog
 O - 3 scrolls of silence {unknown}
 R - a scroll of butterflies
 W - 2 scrolls of fear
Potions
 l - 3 potions of enlightenment
 n - a potion of cancellation
 o - 3 potions of lignification {unknown}
 p - 5 potions of haste
 s - 4 potions of attraction
 w - 5 potions of mutation
 A - 5 potions of invisibility
 B - 6 potions of might
 F - 3 potions of brilliance
 G - 5 potions of curing
 H - 2 potions of berserk rage
 J - a potion of resistance
 M - 3 potions of heal wounds
Miscellaneous
 r - a phantom mirror


   Skills:
 + Level 12.1 Fighting
 + Level 11.2 Short Blades
 + Level 12.1 Long Blades
 + Level 11.2 Axes
 + Level 11.2 Maces & Flails
 + Level 11.2 Polearms
 + Level 11.2 Staves
 + Level 11.2 Ranged Weapons
 + Level 11.2 Throwing
 + Level 11.2 Armour
 + Level 12.1 Dodging
 + Level 11.9 Stealth
 + Level 12.1 Shields
 + Level 11.2 Unarmed Combat
 + Level 11.2 Spellcasting
 + Level 9.4 Conjurations
 + Level 9.4 Hexes
 + Level 9.4 Summonings
 + Level 9.4 Necromancy
 + Level 9.4 Translocations
 + Level 9.4 Transmutations
 + Level 9.4 Fire Magic
 + Level 9.4 Ice Magic
 + Level 9.4 Air Magic
 + Level 9.4 Earth Magic
 + Level 9.4 Poison Magic
 + Level 12.1 Invocations
 + Level 11.2 Evocations
 + Level 9.4 Shapeshifting


You had 13 spell levels left.
You knew the following spells:

 Your Spells              Type           Power      Damage    Failure   Level
a - Sandblast             Erth           62%        2d14      1%          1
b - Fireball              Conj/Fire      15%        3d8       1%          5
c - Iskenderun's Mystic   Conj/Tloc      31%        2d8       1%          4
d - Blink                 Tloc           62%        N/A       1%          2
e - Sticky Flame          Conj/Fire      31%        2d5       1%          4
f - Stone Arrow           Conj/Erth      62%        3d10      1%          3
g - Lee's Rapid Deconstr  Erth           15%        3d10*     1%          5

Your spell library contained the following spells:

 Spells                   Type           Power      Damage    Failure   Level
 Iskenderun's Battlesphe  Conj           31%        2d8       1%          5
 Apportation              Tloc           62%        N/A       1%          1
 Foxfire                  Conj/Fire      100%       2x1d9     1%          1
 Shock                    Conj/Air       100%       1d9       1%          1
 Scorch                   Fire           62%        2d7       1%          2
 Static Discharge         Conj/Air       62%        2-5/arc   1%          2
 Sublimation of Blood     Necr           31%        N/A       1%          2
 Call Canine Familiar     Summ           31%        N/A       1%          3
 Dazzling Flash           Conj/Hex       62%        N/A       1%          3
 Hailstorm                Conj/Ice       31%        3d8       1%          3
 Ozocubu's Armour         Ice            31%        N/A       1%          3
 Portal Projectile        Hex/Tloc       62%        N/A       1%          3
 Swiftness                Air            31%        N/A       1%          3
 Tukima's Dance           Hex            31%        N/A       1%          3
 Volatile Blastmotes      Fire/Tloc      62%        2d15      1%          3
 Airstrike                Air            15%        2d(3-19)  1%          4
 Fulminant Prism          Conj/Hex       15%        3d10      1%          4
 Irradiate                Conj/Tmut      15%        3d16      1%          5
 Anguish                  Hex/Necr       15%        N/A       2%          4
 Animate Armour           Summ/Erth      62%        N/A       2%          4
 Animate Dead             Necr           31%        N/A       2%          4
 Leda's Liquefaction      Hex/Erth       15%        N/A       2%          4
 Manifold Assault         Tloc           31%        N/A       2%          4
 Petrify                  Tmut/Erth      31%        N/A       2%          4
 Summon Ice Beast         Ice/Summ       31%        N/A       2%          4
 Summon Lightning Spire   Summ/Air       31%        N/A       2%          4
 Alistair's Intoxication  Tmut/Pois      20%        N/A       6%          5
 Borgnjor's Vile Clutch   Necr/Erth      15%        N/A       6%          5
 Summon Forest            Summ/Tloc      15%        N/A       6%          5
 Summon Mana Viper        Hex/Summ       31%        N/A       6%          5
 Plasma Beam              Fire/Air       15%        2x1d27    10%         6
 Starburst                Conj/Fire      15%        6d6       10%         6
 Death Channel            Necr           15%        N/A       34%         6
 Simulacrum               Ice/Necr       15%        N/A       34%         6
 Summon Cactus Giant      Summ           15%        N/A       34%         6
 Ozocubu's Refrigeration  Ice            15%        4d10      43%         7
 Malign Gateway           Summ/Tloc      15%        N/A       89%         7
 Summon Horrible Things   Summ           15%        N/A       100%        8


Dungeon Overview and Level Annotations

Branches:
Dungeon (15/15)            Temple (1/1) D:5            Lair (5/5) D:10
 Shoals (0/4) Lair:2        Snake (1/4) Lair:2        Slime (0/5) Lair:4
    Orc (2/2) D:9             Elf (0/3) Orc:2        Vaults (0/5) D:14
 Depths (0/4) D:15        Ossuary (visited)         Volcano (visited)

Altars:
Ashenzari
Cheibriados
Dithmenos
Elyvilon
Fedhas
Gozag
Hepliaklqana
Kikubaaqudgha
Makhleb
Nemelex Xobeh
Okawaru
Qazlal
Ru
Sif Muna
Trog
Uskayaw
Vehumet
Wu Jian
Xom
Yredelemnul
Zin
The Shining One
Jiyva
Lugonu

Shops:
D:15 =   Orc:2 (=?=(!(**

Portals:
Abyss: Lair:5

Annotations:
D:4 3 runed translucent doors, zazu2006's ghost, amateur GnWn


Innate Abilities, Weirdness & Mutations

You have very sharp teeth.
Your uncanny sense of smell can sniff out nearby items.
Your experience applies equally to all skills.


Message History

Unknown command.
Unknown command.
You feel very sick.
You are more poisoned.
The naga hits you with a +0 battleaxe!!!
The naga completely misses you.
The naga ritualist mumbles some strange prayers to its god against you.
You resist with some effort.
You completely miss the naga.
The naga is severely wounded.
You feel very sick.
* * * LOW HITPOINT WARNING * * *
You are more poisoned.
The naga hits you with a +0 battleaxe!
* * * LOW HITPOINT WARNING * * *
The naga grabs you. The naga constricts you.
You feel much better.
The +0 toga "Victory" stops glowing.
You feel less vulnerable to poison.
You feel very sick.
* * * LOW HITPOINT WARNING * * *
You are more poisoned.
The naga misses you. The naga constricts you.
* * * LOW HITPOINT WARNING * * *
You closely miss the naga. You bite the naga, but do no damage.
The naga is severely wounded.
You feel very sick.
* * * LOW HITPOINT WARNING * * *
You are more poisoned.
The naga ritualist spits poison at you. The splash of poison misses you.
The naga spits poison at you. The splash of poison misses you.
The naga constricts you.
Unknown command.
You hit the naga but do no damage.
The naga is severely wounded.
You feel very sick.
* * * LOW HITPOINT WARNING * * *
You are more poisoned.
The naga hits you with a +0 battleaxe!!
You die...

#..........#
#..........#
#..........#
#..........#
#......†...#
#..........# ∆
#.....).N..#
#...†)N@...#
#####.†########
##........#
#........#
#........#
#........# #.
#.....^..# .
###.....#### .#
. ###......##.#
.


You could see a naga ritualist (strong, toxic aura, catching breath) and a naga
(strong, catching breath).

Vanquished Creatures
  3 orc warlords (Orc:2)
  A stone giant (D:15)
  Snorg (D:11)
  2 ettins
  Fannar (Lair:1)
  3 hydras
  A vault guard (D:14)
  9 centaur warriors
  Harold (D:11)
  A death knight (D:14)
  An ogre mage (D:15)
  Erica (Lair:1)
  4 boulder beetles
  2 catoblepae (D:13)
  8 two-headed ogres
  Urug (Lair:1)
  A naga warrior (Snake:1)
  2 shock serpents (Snake:1)
  Nergalle (D:10)
  4 orc high priests (Orc:2)
  4 thrashing horrors (Lair:5)
  A hell knight (Volcano)
  2 skysharks
  2 salamander mystics
  A sea snake (shapeshifter) (D:11)
  A wizard (D:15)
  A lindwurm (Lair:2)
  8 orc knights
  A bog body (Lair:1)
  3 deep elf zephyrmancers
  2 cyclopes
  2 harpies (Lair:2)
  3 mana vipers
  9 orc sorcerers
  4 manticores
  An oklob plant (Lair:3)
  4 salamanders
  3 deep elf pyromancers
  15 ugly things
  Joseph (D:7)
  2 smoke demons (Lair:5)
  13 black mambas
  10 elephants
  2 naga magi (Snake:1)
  7 cane toads
  An unseen horror (D:12)
  A gargoyle (D:12)
  5 rime drakes
  Maggie (D:6)
  2 kobold demonologists (D:11)
  3 efreet
  10 komodo dragons
  A freezing wraith (D:15)
  7 trolls
  4 ice devils (Lair:1)
  A queen bee (shapeshifter) (Lair:5)
  3 polar bears
  A meliai (shapeshifter) (Lair:5)
  A tarantella (shapeshifter) (D:11)
  2 raiju (Lair:5)
  27 blink frogs
  A blink frog (shapeshifter) (D:15)
  Sigmund (D:6)
  A centaur simulacrum (D:11)
  3 vampires
  3 wraiths
  14 slime creatures
  A spriggan (Lair:5)
  3 shadows
  2 ynoxinuls (Lair:5)
  40 yaks
  8 wyverns
  7 basilisks
  A chaos spawn (Lair:5)
  2 steam dragons
  A warg (shapeshifter) (D:13)
  15 vampire mosquitoes
  9 wargs
  6 nagas
  2 acid dragons
  12 water moccasins
  Duvessa (D:6)
  40 orc warriors
  A black bear (Lair:1)
  5 ogres
  2 wolves (Lair:1)
  8 centaurs
  An elf zombie (Ossuary)
  14 bullfrogs
  8 small abominations (Lair:5)
  A phantom (D:6)
  3 scorpions
  An entropy weaver simulacrum (Lair:1)
  A cane toad simulacrum (Lair:1)
  Dowan (D:6)
  An elephant simulacrum (Lair:1)
  9 killer bees
  4 howler monkeys
  A centaur zombie (Ossuary)
  A hound (D:6)
  4 jellies
  14 orc priests
  2 human zombies (Ossuary)
  A sleepcap (D:5)
  Jessica (D:2)
  4 iguanas
  34 orc wizards
  A troll simulacrum (Lair:1)
  Terence (D:2)
  7 hell rats
  2 wolf simulacra (Lair:1)
  2 mummies (Ossuary)
  4 gnolls
  5 adders
  11 river rats (Lair:1)
  A white imp (Lair:1)
  An ufetubus (D:7)
  An adder zombie (Ossuary)
  2 worms
  2 dart slugs
  84 orcs
  3 bats
  10 endoplasms
  4 giant cockroaches
  12 goblins
  7 hobgoblins
  14 kobolds
  5 quokkas
  6 ball pythons
  4 frilled lizards
  A goblin zombie (Ossuary)
  6 hobgoblin zombies (Ossuary)
  3 jackal zombies (Ossuary)
  10 kobold zombies (Ossuary)
  12 orc zombies (Ossuary)
  6 rats
742 creatures vanquished.

Vanquished Creatures (collateral kills)
  A salamander (Volcano)
1 creature vanquished.

Vanquished Creatures (others)
  A two-headed ogre (D:15)
  A vampire (D:11)
  A yak (Lair:1)
  A water moccasin (Lair:1)
  A black bear (Lair:1)
  A killer bee (D:10)
  An orc (Orc:2)
7 creatures vanquished.

Grand Total: 750 creatures vanquished

Notes
Turn   | Place    | Note
-------+----------+-------------------------------------------
     0 | D:1      | zazu2006 the Gnoll Wanderer began the quest for the Orb.
     0 | D:1      | zazu2006 set off with the following items: a +0 falchion, a
                  | +0 buckler of protection, a +0 cloak, a scroll of blinking,
                  | a +0 robe.
     0 | D:1      | Reached XP level 1. HP: 20/20 MP: 1/1
   105 | D:1      | Reached XP level 2. HP: 26/26 MP: 2/2
   391 | D:1      | Reached XP level 3. HP: 31/31 MP: 3/3
   978 | D:2      | Reached skill level 1 in Invocations
  1019 | D:2      | Noticed Terence
  1029 | D:2      | Killed Terence
  1030 | D:2      | Reached skill level 1 in Short Blades
  1030 | D:2      | Reached skill level 1 in Axes
  1030 | D:2      | Reached skill level 1 in Maces & Flails
  1030 | D:2      | Reached skill level 1 in Polearms
  1030 | D:2      | Reached skill level 1 in Staves
  1030 | D:2      | Reached skill level 1 in Ranged Weapons
  1030 | D:2      | Reached skill level 1 in Throwing
  1030 | D:2      | Reached skill level 1 in Armour
  1030 | D:2      | Reached skill level 1 in Unarmed Combat
  1030 | D:2      | Reached skill level 1 in Spellcasting
  1030 | D:2      | Reached skill level 1 in Evocations
  1030 | D:2      | Reached XP level 4. HP: 32/38 MP: 5/5
  1151 | D:2      | Noticed Jessica
  1158 | D:2      | Killed Jessica
  1159 | D:2      | Reached skill level 1 in Conjurations
  1159 | D:2      | Reached skill level 1 in Hexes
  1159 | D:2      | Reached skill level 1 in Summonings
  1159 | D:2      | Reached skill level 1 in Necromancy
  1159 | D:2      | Reached skill level 1 in Translocations
  1159 | D:2      | Reached skill level 1 in Transmutations
  1159 | D:2      | Reached skill level 1 in Fire Magic
  1159 | D:2      | Reached skill level 1 in Ice Magic
  1159 | D:2      | Reached skill level 1 in Air Magic
  1159 | D:2      | Reached skill level 1 in Earth Magic
  1159 | D:2      | Reached skill level 1 in Poison Magic
  1159 | D:2      | Reached skill level 1 in Shapeshifting
  1598 | D:2      | Reached XP level 5. HP: 43/43 MP: 5/7
  1839 | D:3      | Found an ornate altar of the Wu Jian Council.
  2605 | D:4      | Reached XP level 6. HP: 50/50 MP: 8/8
  2814 | D:4      | Found a glowing silver altar of Zin.
  2887 | D:4      | Found a runed translucent gate.
  2887 | D:4      | Found a runed translucent gate.
  2887 | D:4      | Found a runed translucent gate.
  2888 | D:4      | Noticed zazu2006's ghost (amateur GnWn)
  2952 | D:4      | Reached skill level 5 in Fighting
  2952 | D:4      | Reached skill level 5 in Long Blades
  2952 | D:4      | Reached skill level 5 in Dodging
  2952 | D:4      | Reached skill level 5 in Shields
  3183 | D:5      | Entered Level 5 of the Dungeon
  3469 | D:5      | Identified the +2 leather armour of Wasted Space {+Inv
                  | rElec rCorr Slay-4}
  3504 | D:5      | Reached XP level 7. HP: 29/56 MP: 10/10
  4063 | D:5      | Found a staircase to the Ecumenical Temple.
  4127 | Temple   | Entered the Ecumenical Temple
  4196 | D:6      | Reached skill level 5 in Stealth
  4222 | D:6      | Found a sand-covered staircase.
  4227 | Ossuary  | Entered an ossuary
  4429 | Ossuary  | Reached XP level 8. HP: 57/63 MP: 12/12
  4721 | D:6      | Noticed Duvessa
  4726 | D:6      | Noticed Dowan
  4746 | D:6      | Killed Duvessa
  4749 | D:6      | Killed Dowan
  5163 | D:6      | Noticed Sigmund
  5170 | D:6      | Killed Sigmund
  5183 | D:6      | Noticed Maggie
  5199 | D:6      | Killed Maggie
  5200 | D:6      | Reached XP level 9. HP: 53/69 MP: 13/15
  5918 | D:7      | Noticed Joseph
  5948 | D:7      | Killed Joseph
  5949 | D:7      | Reached skill level 5 in Invocations
  6618 | D:8      | Reached XP level 10. HP: 75/77 MP: 17/17
  6935 | D:9      | Reached skill level 5 in Short Blades
  6935 | D:9      | Reached skill level 5 in Axes
  6935 | D:9      | Reached skill level 5 in Maces & Flails
  6935 | D:9      | Reached skill level 5 in Polearms
  6935 | D:9      | Reached skill level 5 in Staves
  6935 | D:9      | Reached skill level 5 in Ranged Weapons
  6935 | D:9      | Reached skill level 5 in Throwing
  6935 | D:9      | Reached skill level 5 in Armour
  6935 | D:9      | Reached skill level 5 in Unarmed Combat
  6935 | D:9      | Reached skill level 5 in Spellcasting
  6935 | D:9      | Reached skill level 5 in Evocations
  7227 | D:9      | Found a shimmering blue altar of Sif Muna.
  7524 | D:9      | Found a radiant altar of Vehumet.
  7532 | D:9      | Became a worshipper of Vehumet
  7663 | D:9      | Found an iron altar of Okawaru.
  7672 | D:9      | Found a runed translucent door.
  7676 | D:9      | Noticed a two-headed ogre
  7676 | D:9      | Found the +0 toga "Victory" {*Victory Clar}
  7702 | D:9      | Found a staircase to the Orcish Mines.
  8255 | D:9      | Killed a two-headed ogre
  8353 | D:9      | Learned a level 2 spell: Blink
  8572 | D:10     | Entered Level 10 of the Dungeon
  8691 | D:10     | Reached XP level 11. HP: 56/84 MP: 19/19
  8752 | D:10     | Found a staircase to the Lair.
  8855 | D:10     | Noticed Nergalle
  8866 | D:10     | Killed Nergalle
  8867 | D:10     | Reached skill level 5 in Conjurations
  8867 | D:10     | Reached skill level 5 in Hexes
  8867 | D:10     | Reached skill level 5 in Summonings
  8867 | D:10     | Reached skill level 5 in Necromancy
  8867 | D:10     | Reached skill level 5 in Translocations
  8867 | D:10     | Reached skill level 5 in Transmutations
  8867 | D:10     | Reached skill level 5 in Fire Magic
  8867 | D:10     | Reached skill level 5 in Ice Magic
  8867 | D:10     | Reached skill level 5 in Air Magic
  8867 | D:10     | Reached skill level 5 in Earth Magic
  8867 | D:10     | Reached skill level 5 in Poison Magic
  8867 | D:10     | Reached skill level 5 in Shapeshifting
  9104 | D:10     | Found a white marble altar of Elyvilon.
  9199 | D:10     | Noticed a cyclops
  9199 | D:10     | Noticed a cyclops
  9199 | D:10     | Noticed a centaur warrior
  9199 | D:10     | Noticed an orc knight
  9246 | D:10     | Noticed a brown ugly thing
  9284 | D:10     | Noticed a green ugly thing
  9295 | D:10     | Noticed a boulder beetle
  9607 | D:10     | Reached * piety under Vehumet
  9607 | D:10     | Offered knowledge of Sandblast by Vehumet.
  9610 | D:10     | Learned a level 1 spell: Sandblast
  9612 | Lair:1   | Entered Level 1 of the Lair of Beasts
  9651 | Lair:1   | Noticed a bog body
  9753 | Lair:1   | Killed a bog body
  9955 | Lair:1   | Got the Octavo of the Torch
 10031 | Lair:1   | Learned a level 5 spell: Fireball
 10086 | Lair:1   | Offered knowledge of Magic Dart by Vehumet.
 10103 | Lair:1   | Reached ** piety under Vehumet
 10132 | Lair:1   | Reached XP level 12. HP: 94/94 MP: 22/22
 10186 | Lair:1   | Noticed Erica
 10199 | Lair:1   | Killed Erica
 10223 | Lair:1   | You fall into a shaft and drop 1 floor!
 10360 | Lair:2   | Found a staircase to the Shoals.
 10433 | Lair:2   | Found a staircase to the Snake Pit.
 10994 | Lair:1   | Noticed Urug
 11139 | Lair:1   | Offered knowledge of Ignite Poison by Vehumet.
 11336 | Lair:1   | Noticed Fannar
 11355 | Lair:1   | Killed Fannar
 11503 | Lair:1   | Reached *** piety under Vehumet
 11710 | Lair:1   | Killed Urug
 11959 | Lair:3   | Noticed a seven-headed hydra
 12119 | Lair:3   | Killed a one-headed hydra
 12159 | Lair:3   | Offered knowledge of Frozen Ramparts by Vehumet.
 12165 | Lair:3   | Reached XP level 13. HP: 76/101 MP: 23/25
 12404 | Lair:3   | Identified a scroll of acquirement
 12558 | Lair:3   | Acquired the dreamshard necklace {Acrobat *Dream}
 12558 | Lair:3   | Found the dreamshard necklace {Acrobat *Dream}
 13412 | Lair:4   | Found a hide-covered altar of Uskayaw.
 13412 | Lair:4   | Found an ornate altar of the Wu Jian Council.
 13774 | Lair:4   | Found a viscous altar of Jiyva.
 13779 | Lair:4   | Found a staircase to the Slime Pits.
 14051 | Lair:5   | Entered Level 5 of the Lair of Beasts
 14080 | Lair:5   | Reached **** piety under Vehumet
 14215 | Lair:5   | Offered knowledge of Freezing Cloud by Vehumet.
 14426 | Lair:5   | Identified the staff "Rireahach" {rF+ Int+2 Fire}
 14579 | Lair:5   | Reached skill level 10 in Fighting
 14579 | Lair:5   | Reached skill level 10 in Long Blades
 14579 | Lair:5   | Reached skill level 10 in Dodging
 14579 | Lair:5   | Reached skill level 10 in Shields
 15096 | Lair:5   | Reached XP level 14. HP: 88/110 MP: 25/27
 15098 | Lair:5   | Reached ***** piety under Vehumet
 15108 | Lair:5   | Reached skill level 10 in Stealth
 15115 | Lair:5   | Offered knowledge of Iskenderun's Mystic Blast by Vehumet.
 15122 | Lair:5   | Learned a level 4 spell: Iskenderun's Mystic Blast
 15221 | Lair:5   | Reached skill level 10 in Invocations
 16046 | Lair:5   | Found a corrupted altar of Lugonu.
 16046 | Lair:5   | Found a one-way gate to the infinite horrors of the Abyss.
 16317 | Orc:1    | Entered Level 1 of the Orcish Mines
 17144 | Orc:2    | Entered Level 2 of the Orcish Mines
 17144 | Orc:2    | Noticed an orc warlord
 17147 | Orc:2    | Noticed an orc warlord
 17152 | Orc:2    | Noticed an orc warlord
 17187 | Orc:2    | Found Onakeroq's General Store.
 17234 | Orc:2    | Found Cicink's Assorted Antiques.
 17300 | Orc:2    | Found Kinlydghu's Antique Weapon Emporium.
 17337 | Orc:2    | Offered knowledge of Sticky Flame by Vehumet.
 17418 | Orc:2    | Found a dark tunnel.
 17423 | Volcano  | Entered a volcano
 17782 | Orc:2    | Killed an orc warlord
 17791 | Orc:2    | HP: 5/111 [orc warlord/+0 bardiche (14)]
 17800 | Orc:2    | Killed an orc warlord
 18443 | Orc:1    | Learned a level 4 spell: Sticky Flame
 18457 | Orc:2    | Killed an orc warlord
 18684 | Orc:2    | Bought a scroll of identify for 50 gold pieces
 18706 | Orc:2    | Bought a potion of heal wounds for 60 gold pieces
 18783 | Orc:2    | Found Ezyontou's Distillery.
 18789 | Orc:2    | Bought a potion of brilliance for 72 gold pieces
 18789 | Orc:2    | Bought a potion of haste for 180 gold pieces
 18810 | Orc:2    | Found Wisoi's Antique Weapon Shoppe.
 18813 | Orc:2    | Found a staircase to the Elven Halls.
 18995 | Orc:2    | Paralysed by an orc sorcerer for 3 turns
 19454 | Orc:2    | Reached XP level 15. HP: 106/117 MP: 9/28
 19605 | Orc:2    | Found Qiopuhiph's Magic Scroll Shoppe.
 19605 | Orc:2    | Found Hokugeif's Jewellery Shop.
 19755 | Orc:2    | Found Hinoywnu's Weapon Shoppe.
 19755 | Orc:2    | Found Nysuima's Jewellery Shop.
 19761 | Orc:2    | Bought a scroll of identify for 22 gold pieces
 19761 | Orc:2    | Bought a scroll of identify for 22 gold pieces
 19761 | Orc:2    | Bought a scroll of identify for 22 gold pieces
 19761 | Orc:2    | Bought a scroll of fear for 44 gold pieces
 19761 | Orc:2    | Bought a scroll of fog for 44 gold pieces
 19761 | Orc:2    | Bought a scroll of teleportation for 33 gold pieces
 19770 | Orc:2    | Bought the ring "Butrudic" {Fly Str+6 Slay+3} for 634 gold
                  | pieces
 19916 | D:11     | Got the Almanac of Assaults
 19921 | D:11     | Learned a level 3 spell: Stone Arrow
 19952 | D:11     | Reached skill level 10 in Short Blades
 19952 | D:11     | Reached skill level 10 in Axes
 19952 | D:11     | Reached skill level 10 in Maces & Flails
 19952 | D:11     | Reached skill level 10 in Polearms
 19952 | D:11     | Reached skill level 10 in Staves
 19952 | D:11     | Reached skill level 10 in Ranged Weapons
 19952 | D:11     | Reached skill level 10 in Throwing
 19952 | D:11     | Reached skill level 10 in Armour
 19952 | D:11     | Reached skill level 10 in Unarmed Combat
 19952 | D:11     | Reached skill level 10 in Spellcasting
 19952 | D:11     | Reached skill level 10 in Evocations
 20013 | D:11     | Offered knowledge of Conjure Ball Lightning by Vehumet.
 20283 | D:11     | Noticed Harold
 20298 | D:11     | Killed Harold
 20785 | D:11     | Identified the +2 scale mail of Failure {Int+2}
 21062 | D:11     | Noticed Snorg
 21081 | D:11     | Killed Snorg
 22221 | D:13     | Offered knowledge of Lee's Rapid Deconstruction by Vehumet.
 22228 | D:13     | Learned a level 5 spell: Lee's Rapid Deconstruction
 23002 | D:14     | Got Ts'ui Pên's Secrets of Forking Paths
 23374 | D:14     | Reached XP level 16. HP: 114/127 MP: 24/30
 23653 | D:14     | Got Isteten's Directory of Axaxaxas mlö
 23660 | D:14     | Got Sif Muna's Anthology of Plaster Cramp
 23725 | D:14     | Found a gate to the Vaults.
 23768 | D:15     | Entered Level 15 of the Dungeon
 23872 | D:15     | Found a staircase to the Depths.
 24014 | D:15     | Found Cozaka's Jewellery Shoppe.
 24308 | D:15     | Found a shadowy altar of Dithmenos.
 24541 | Snake:1  | Entered Level 1 of the Snake Pit
 24602 | Snake:1  | Offered knowledge of Iskenderun's Battlesphere by Vehumet.
 24903 | Snake:1  | Slain by a naga

Illustrated notes

Levels and vault maps discovered:
D:1:      dpeg_arrival_stone_temple_mockup, layout_basic,
          kennysheep_nondescript, st_stairs_1
D:2:      layout_loops_corners, uniq_terence, uniq_jessica
D:3:      layout_basic, mainiacjoe_overflow_chevrons, serial_corexii_hall,
          chequers_hall_statues_wall_a, corexii_hall_statues_i
D:4:      layout_basic, old_standard_altar, gammafunk_ghost_nasty_kobolds
D:5:      layout_basic, minmay_temple_entry_statues_pillars,
          chequers_serial_rivers_small_b
D:6:      layout_basic, enter_ossuary_2, uniq_duvessa, uniq_maggie, uniq_sigmund
D:7:      layout_rooms, uniq_joseph
D:8:      layout_cave_pools
D:9:      layout_loops_corners, kennysheep_orc_sif_temple,
          nicolae_overflow_guarded_unrand_okawaru_victory,
          mainiacjoe_overflow_surrounded_room, orc_0_dummy
D:10:     layout_grid_maze, overflow_temple_1_default,
          erik_lair_orcish_takeover, minivault_12, uniq_nergalle
D:11:     minmay_the_grid_4x2 [minmay_the_grid_armoury,
          minmay_the_grid_tri_star, minmay_the_grid_minigrid_medium,
          minmay_the_grid_spin_star, minmay_the_grid_dragon_a,
          minmay_the_grid_mess, minmay_the_grid_paths,
          minmay_the_grid_prize_four_corners], layout_basic, uniq_harold,
          uniq_snorg
D:12:     layout_rooms, kennysheep_potato
D:13:     layout_loops_corners
D:14:     layout_roguey, david_vaults_5, minmay_strange_pillars,
          bh_hangedman_babel_library
D:15:     grunt_enter_depths_giant_problem, layout_cave_pools, serial_shops,
          nicolae_square_shop, grunt_dithmenos_smoke
Temple:   nicolae_temple_slightly_damp_pantheon
Lair:1:   dreamdust_isle_of_ice, layout_loops_ring, kennysheep_rathole,
          grunt_megastairs_5, uniq_urug, uniq_erica, uniq_fannar
Lair:2:   layout_hall_layers, nicolae_shoals_entry_roost,
          nicolae_snake_entry_squirm, serial_bayou_shore_b, lemuel_fruit_fields,
          serial_bayou_shore_b
Lair:3:   layout_roguey
Lair:4:   layout_concentric_octagons, dpeg_slime_entry_corner,
          nzn_masters_of_martial_movement, grunt_megastairs_1
Lair:5:   hellmonk_lair_end_abyssal_woods, layout_regular_city,
          infiniplex_staircase_pool
Snake:1:  layout_rooms, nicolae_snake_lava_pool
Orc:1:    layout_caves, guppyfry_library_mini
Orc:2:    grunt_orc_tribal_feast, layout_caves, serial_shops, shop,
          shop_fountains, shop, nicolae_shop_industrial_runoff, shop,
          nicolae_volcano_entry_s_turn

Skill      XL: |  1  2  3  4  5  6  7  8  9 10 11 12 13 14 15 16 |
---------------+-------------------------------------------------+-----
Invocations    | 1 2 3 4 5 6 7 8 9 10 11 12 | 12.1
Short Blades   | 1 2 4 5 6 8 9 10 11 | 11.2
Axes           | 1 2 4 5 6 8 9 10 11 | 11.2
Maces & Flails | 1 2 4 5 6 8 9 10 11 | 11.2
Polearms       | 1 2 4 5 6 8 9 10 11 | 11.2
Staves         | 1 2 4 5 6 8 9 10 11 | 11.2
Ranged Weapons | 1 2 4 5 6 8 9 10 11 | 11.2
Throwing       | 1 2 4 5 6 8 9 10 11 | 11.2
Armour         | 1 2 4 5 6 8 9 10 11 | 11.2
Unarmed Combat | 1 2 4 5 6 8 9 10 11 | 11.2
Spellcasting   | 1 2 4 5 6 8 9 10 11 | 11.2
Evocations     | 1 2 4 5 6 8 9 10 11 | 11.2
Conjurations   | 1 2 3 4 5 6 7 8 9 |  9.4
Hexes          | 1 2 3 4 5 6 7 8 9 |  9.4
Summonings     | 1 2 3 4 5 6 7 8 9 |  9.4
Necromancy     | 1 2 3 4 5 6 7 8 9 |  9.4
Translocations | 1 2 3 4 5 6 7 8 9 |  9.4
Transmutations | 1 2 3 4 5 6 7 8 9 |  9.4
Fire Magic     | 1 2 3 4 5 6 7 8 9 |  9.4
Ice Magic      | 1 2 3 4 5 6 7 8 9 |  9.4
Air Magic      | 1 2 3 4 5 6 7 8 9 |  9.4
Earth Magic    | 1 2 3 4 5 6 7 8 9 |  9.4
Poison Magic   | 1 2 3 4 5 6 7 8 9 |  9.4
Shapeshifting  | 1 2 3 4 5 6 7 8 9 |  9.4
Fighting       | 5 6 7 8 9 10 11 12 | 12.1
Long Blades    | 5 6 7 8 9 10 11 12 | 12.1
Dodging        | 5 6 7 8 9 10 11 12 | 12.1
Shields        | 5 6 7 8 9 10 11 12 | 12.1
Stealth        | 5 6 7 8 9 10 11 | 11.9

Action                     |  1- 3 |  4- 6 |  7- 9 | 10-12 | 13-15 | 16-18 || total
---------------------------+-------+-------+-------+-------+-------+-------++-------
  Melee: Falchion          |    51 |       |       |       |       |       ||    51
         Bite              |     4 |     7 |    61 |   119 |   166 |    30 ||   387
         Short sword       |    25 |   130 |   436 |   449 |    21 |       ||  1061
         Dagger            |       |       |    24 |   122 |    16 |       ||   162
         Scimitar          |       |       |       |   180 |  1006 |   160 ||  1346
   Cast: Fireball          |       |       |       |     8 |    26 |     5 ||    39
         Iskenderun's Myst |       |       |       |       |    35 |    12 ||    47
         Sandblast         |       |       |       |       |     5 |       ||     5
         Sticky Flame      |       |       |       |       |    41 |     4 ||    45
         Blink             |       |       |       |       |     2 |       ||     2
         Stone Arrow       |       |       |       |       |     1 |       ||     1
  Evoke: Wand              |       |     1 |     2 |    16 |    11 |       ||    30
    Use: Potion            |       |       |     2 |     3 |     3 |     1 ||     9
         Scroll            |       |       |       |     5 |    17 |       ||    22
   Stab: Sleeping          |    16 |    14 |     9 |    17 |    30 |     5 ||    91
         Invisible         |       |       |       |     4 |       |       ||     4
 Armour: Robe              |    16 |    23 |    43 |    75 |   259 |    43 ||   459
         Steam dragon scal |       |       |    40 |    25 |       |       ||    65
  Dodge: Dodged            |    39 |    70 |   364 |   533 |  1012 |   199 ||  2217
         Repelled          |       |       |       |     4 |     9 |     1 ||    14
  Block: Buckler           |    13 |    21 |   135 |   179 |   367 |    79 ||   794

Table legend: (Time is in decaauts)
 A = Elapsed time spent in this place.
 B = Non-inter-level travel time spent in this place.
 C = Inter-level travel time spent in this place.
 D = Time resting spent in this place.
 E = Time spent auto-exploring this place.
 F = Levels seen in this place.
 G = Mean time per level.
                   A        B        C        D        E       F      G
               +--------+--------+--------+--------+--------+-----+--------+
         Total |  24615 |  23380 |   1235 |   1550 |  15710 |  26 |  946.7 |
       Dungeon |  13663 |  13037 |    626 |    369 |   9699 |  15 |  910.9 |
        Temple |      1 |      0 |      1 |      0 |      0 |   1 |    1.0 |
          Lair |   6738 |   6184 |    554 |    241 |   4239 |   5 | 1347.6 |
     Snake Pit |    320 |    320 |      0 |      0 |    192 |   1 |  320.0 |
  Orcish Mines |   3118 |   3067 |     51 |    795 |   1425 |   2 | 1559.0 |
       Ossuary |    451 |    451 |      0 |      0 |    154 |   1 |  451.0 |
       Volcano |    321 |    321 |      0 |    144 |      0 |   1 |  321.0 |
               +--------+--------+--------+--------+--------+-----+--------+

Top non-repeatable levels by time:
  Lair:5: 2080 daAuts
   Orc:2: 2015 daAuts
     D:9: 1701 daAuts
  Lair:1: 1659 daAuts
    D:11: 1626 daAuts
  Lair:4: 1394 daAuts
    D:10: 1143 daAuts
   Orc:1: 1102 daAuts
     D:1: 982 daAuts
     D:5: 957 daAuts
    D:13: 901 daAuts
     D:7: 841 daAuts
     D:6: 833 daAuts
    D:14: 827 daAuts
     D:2: 823 daAuts
